Oilers vs Predateurs

Created - 19 mars 2022 at 16:42

Goals
1 2 3 T
Oilers 2 1 1 4
Predateurs 0 2 0 2
Shots
1 2 3 T
Oilers 12 9 12 33
Predateurs 9 8 8 25

GoalsPenalties
1st period
1. Oilers , Kevin Hayes 16 (Mark Giordano 57, Logan Couture 39) at 1:35
2. Oilers , Robby Fabbri 11 (Casey Cizikas 11, Keith Yandle 15) at 2:29
Mike Reilly (EDM) for Hooking (Minor) at 8:13
Teuvo Teravainen (NAS) for Hooking (Minor) at 12:03
2nd period
3. Predateurs , Justin Schultz 10 (Ross Colton 7, Zach Parise 22) at 3:08
4. Oilers , Logan Couture 37 (John Tavares 43) at 7:47
5. Predateurs , Alexander Wennberg 18 (Ross Colton 8, Nathan Beaulieu 26) at 15:11
No Penalty
3rd period
6. Oilers , Joe Pavelski 24 (Mike Reilly 19) at 15:46
Ross Colton (NAS) for Holding (Minor) at 16:37
Brady Skjei (NAS) for Holding (Minor) at 19:16
Goalie Stats
Connor Hellebuyck (EDM), 23 saves from 25 shots - (0,920), W, 35-18-7, 60:00 minutes
Antti Raanta (NAS), 29 saves from 33 shots - (0,879), L, 11-10-2, 60:00 minutes
3 StarsOfficial
1 - Logan Couture (EDM)
2 - Kevin Hayes (EDM)
3 - Mark Giordano (EDM)
Referees : Dean Morton and Frederick L'Ecuyer
Linesman : Thor Nelson and Trent Knorr
Game Note
No Game Note



Team Name Goals Shots Shots Attemp Shots Blocked PIM HIT PP PK FO%
Oilers 43373132280 / 3 (0%)048%
Predateurs 22561116240 / 1 (0%)053%

Oilers
Player Name POS G A P +/- PIM HIT SHT SB MP PP MP PP SHT PK MP PK SHT FO% FOT
Alex IafalloC/LW0000014019:141:2610:5800% 2
Brian DumoulinD0001011015:380:0001:0100% 0
Casey CizikasC011102028:400:0001:01063% 8
Christian DvorakC/LW0000004012:310:0000:00039% 18
Devin ShoreC/LW000101118:260:4700:0000% 0
Joe PavelskiC/RW1010012019:032:1300:00050% 16
John TavaresC0111001018:482:2800:00059% 27
Jordan EberleRW0000002012:310:0000:0000% 1
Justin FaulkD000-1070122:272:0300:5800% 0
Keith YandleD0112002021:552:3800:0000% 0
Kevin HayesC/RW1011033118:482:2800:0000% 1
Logan CoutureC/LW1121023019:462:2810:5800% 3
Mark GiordanoD0112010522:212:0301:0100% 0
Mike ReillyD0111210114:360:0000:0000% 0
Robby FabbriC/LW/RW101100207:390:0000:0000% 0
Ryan PulockD000-1014223:022:3800:5800% 0
Tomas TatarLW/RW0000040019:032:1300:00050% 2
Tyler MotteC/LW/RW0000034013:320:0001:01050% 2
Predateurs
Player Name POS G A P +/- PIM HIT SHT SB MP PP MP PP SHT PK MP PK SHT FO% FOT
Alexander WennbergC/LW/RW1010014112:490:0000:00056% 16
Brad RichardsonC/LW/RW000-100108:550:0000:00050% 12
Brady SkjeiD000-2230224:091:0601:3500% 0
Denis GurianovLW/RW000-1003116:351:0200:0000% 0
Esa LindellD000-2021224:271:0601:5200% 0
Filip ForsbergLW/RW000-1010018:201:0201:450100% 2
Jamie BennC000-1042118:261:0211:51050% 22
Josh ArchibaldLW/RW000-1031011:210:0002:2600% 0
Justin SchultzD1010001118:180:5300:3000% 0
Leon DraisaitlC/LW/RW0000035018:010:5711:0100% 2
Mike GreenD0000020017:150:0002:1900% 0
Nathan BeaulieuD0110010320:070:5302:1900% 0
Ross ColtonC/LW/RW0220201012:480:0000:0000% 2
Sidney CrosbyC0000023017:000:5710:00060% 20
Stephen JohnsD0000021015:430:0000:4700% 0
Teuvo TeravainenLW/RW0000200016:590:5700:0000% 1
Trevor LewisC/LW/RW000-1000011:140:0002:19067% 3
Zach PariseLW/RW0110002012:490:0000:0000% 0

Oilers

5 vs 5 Forward
Line #Left WingCenterRight WingPHYDFOFWanted %Time %Time Play
1Alex IafalloJoe PavelskiTomas Tatar0413232%16:50
2Logan CoutureJohn TavaresKevin Hayes0323031%16:20
3Tyler MotteChristian DvorakJordan Eberle0412323%12:31
4Devin ShoreCasey CizikasRobby Fabbri1311514%7:39
5 vs 5 Defense
Line #DefenseDefensePHYDFOFWanted %Time %Time Play
1Justin FaulkRyan Pulock0413836%19:26
2Keith YandleMark Giordano0323836%19:17
3Brian DumoulinMike Reilly0412427%14:37
4Keith YandleMark Giordano13100%0:00
Power Play Forward
Line #Left WingCenterRight WingPHYDFOFWanted %Time %Time Play
1Logan CoutureJohn TavaresKevin Hayes0325053%2:28
2Alex IafalloJoe PavelskiTomas Tatar0415047%2:13
Power Play Defense
Line #DefenseDefensePHYDFOFWanted %Time %Time Play
1Keith YandleRyan Pulock0325056%2:38
2Justin FaulkMark Giordano0415044%2:03
Penalty Kill 4 Players Forward
Line #CenterWingPHYDFOFWanted %Time %Time Play
1Casey CizikasTyler Motte1225051%1:01
2Logan CoutureAlex Iafallo0325049%0:58
Penalty Kill 4 Players Defense
Line #DefenseDefensePHYDFOFWanted %Time %Time Play
1Mark GiordanoBrian Dumoulin1225051%1:01
2Ryan PulockJustin Faulk0325049%0:58
Penalty Kill 3 Players
Line #WingPHYDFOFWanted %Time %Time PlayDefenseDefensePHYDFOFWanted %Time %Time Play
1Casey Cizikas122500%0:00 Mark GiordanoBrian Dumoulin122500%0:00
2Logan Couture122500%0:00 Justin FaulkRyan Pulock122500%0:00
4 vs 4 Forward
Line #CenterWingPHYDFOFWanted %Time %Time Play
1John TavaresLogan Couture122500%0:00
2Joe PavelskiKevin Hayes122500%0:00
4 vs 4 Defense
Line #DefensePHYDFOFWanted %Time %Time Play
1Mark GiordanoJustin Faulk122500%0:00
2Ryan PulockBrian Dumoulin122500%0:00
Last Minutes Offensive
Left WingCenterRight WingDefenseDefense
Logan CoutureJohn TavaresTomas TatarMark GiordanoJustin Faulk
Last Minutes Defensive
Left WingCenterRight WingDefenseDefense
Logan CoutureCasey CizikasTyler MotteMark GiordanoBrian Dumoulin
Time
Total ForwardTotal DefenseLast Minutes OffensiveLast Minutes Defensive
60:00 60:00 0:000:00
Extra Forwards
Normal PowerPlayPenalty Kill
John Tavares, Tomas Tatar, Tyler MotteKevin Hayes, Tomas TatarTyler Motte
Extra Defensemen
Normal PowerPlayPenalty Kill
Mark Giordano, Ryan Pulock, Brian DumoulinMark Giordano, Ryan PulockBrian Dumoulin
Penalty Shots
Tomas Tatar, John Tavares, Jordan Eberle, Logan Couture, Robby Fabbri
Goalie
Connor Hellebuyck, Craig Anderson
Custom OT Lines Forwards
Logan Couture, John Tavares, Kevin Hayes, Joe Pavelski, Christian Dvorak, Alex Iafallo, Tomas Tatar, Tyler Motte, Robby Fabbri, Jordan Eberle
Custom OT Lines Defensemen
Mark Giordano, Justin Faulk, Ryan Pulock, Brian Dumoulin, Mike Reilly
Scratches
Vinnie Hinostroza (Healthy), Kevin Labanc (Healthy), Anton Stralman (Healthy)

Predateurs

5 vs 5 Forward
Line #Left WingCenterRight WingPHYDFOFWanted %Time %Time Play
1Leon DraisaitlSidney CrosbyTeuvo Teravainen0233030%16:03
2Filip ForsbergJamie BennDenis Gurianov1223029%15:33
3Zach PariseAlexander WennbergRoss Colton1222424%12:49
4Trevor LewisBrad RichardsonJosh Archibald2211617%8:55
5 vs 5 Defense
Line #DefenseDefensePHYDFOFWanted %Time %Time Play
1Brady SkjeiEsa Lindell1223028%14:47
2Nathan BeaulieuJustin Schultz1223032%16:55
3Stephen JohnsMike Green1222428%14:56
4Brady SkjeiEsa Lindell1221613%6:42
Power Play Forward
Line #Left WingCenterRight WingPHYDFOFWanted %Time %Time Play
1Leon DraisaitlSidney CrosbyTeuvo Teravainen0145048%0:57
2Filip ForsbergJamie BennDenis Gurianov1225052%1:02
Power Play Defense
Line #DefenseDefensePHYDFOFWanted %Time %Time Play
1Brady SkjeiEsa Lindell1225055%1:06
2Nathan BeaulieuJustin Schultz1225045%0:53
Penalty Kill 4 Players Forward
Line #CenterWingPHYDFOFWanted %Time %Time Play
1Jamie BennJosh Archibald1225051%2:22
2Trevor LewisFilip Forsberg1225049%2:19
Penalty Kill 4 Players Defense
Line #DefenseDefensePHYDFOFWanted %Time %Time Play
1Brady SkjeiEsa Lindell1225051%2:22
2Nathan BeaulieuMike Green1225049%2:19
Penalty Kill 3 Players
Line #WingPHYDFOFWanted %Time %Time PlayDefenseDefensePHYDFOFWanted %Time %Time Play
1Jamie Benn122500%0:00 Brady SkjeiEsa Lindell122500%0:00
2Josh Archibald122500%0:00 Nathan BeaulieuJustin Schultz122500%0:00
4 vs 4 Forward
Line #CenterWingPHYDFOFWanted %Time %Time Play
1Sidney CrosbyLeon Draisaitl122500%0:00
2Jamie BennFilip Forsberg122500%0:00
4 vs 4 Defense
Line #DefensePHYDFOFWanted %Time %Time Play
1Brady SkjeiEsa Lindell122500%0:00
2Nathan BeaulieuStephen Johns122500%0:00
Last Minutes Offensive
Left WingCenterRight WingDefenseDefense
Leon DraisaitlSidney CrosbyTeuvo TeravainenBrady SkjeiEsa Lindell
Last Minutes Defensive
Left WingCenterRight WingDefenseDefense
Leon DraisaitlSidney CrosbyTeuvo TeravainenBrady SkjeiEsa Lindell
Time
Total ForwardTotal DefenseLast Minutes OffensiveLast Minutes Defensive
60:00 60:00 0:000:00
Extra Forwards
Normal PowerPlayPenalty Kill
Leon Draisaitl, Sidney Crosby, Filip ForsbergLeon Draisaitl, Filip ForsbergJosh Archibald
Extra Defensemen
Normal PowerPlayPenalty Kill
Brady Skjei, Nathan Beaulieu, Esa LindellNathan Beaulieu, Esa LindellNathan Beaulieu
Penalty Shots
Leon Draisaitl, Filip Forsberg, Teuvo Teravainen, Zach Parise, Jamie Benn
Goalie
Antti Raanta, Pekka Rinne
Custom OT Lines Forwards
Leon Draisaitl, Filip Forsberg, Sidney Crosby, Teuvo Teravainen, Jamie Benn, Denis Gurianov, Alexander Wennberg, Zach Parise, Josh Archibald, Brad Richardson
Custom OT Lines Defensemen
Brady Skjei, Esa Lindell, Nathan Beaulieu, Stephen Johns, Mike Green
Scratches
Fredrik Claesson (Healthy), Ben Street (Healthy), Givani Smith (Healthy), Dan Hamhuis (Head Injury), Beck Warm (Healthy)


Play-by-Play

1st period


0:01 of 1st period - Sidney Crosby wins face-off versus Joe Pavelski in neutral zone.
0:01 of 1st period - Sidney Crosby is hit by Alex Iafallo.
1:08 of 1st period - Logan Couture is hit by Jamie Benn and loses puck.
1:27 of 1st period - Shot by Kevin Hayes.
1:27 of 1st period - Shot Misses the Net.
1:29 of 1st period - Shot by Mark Giordano.
1:29 of 1st period - Shot Blocked by Jamie Benn.
1:31 of 1st period - Shot by Logan Couture.
1:31 of 1st period - Shot Blocked by Nathan Beaulieu.
1:33 of 1st period - Shot by Mark Giordano.
1:33 of 1st period - Shot Misses the Net.
1:35 of 1st period - Shot by Kevin Hayes.
1:35 of 1st period - Goal by Kevin Hayes - Oilers : 1 - Predateurs : 0.
1:36 of 1st period - Christian Dvorak wins face-off versus Alexander Wennberg in neutral zone.
1:47 of 1st period - Mike Green is hit by Mike Reilly and loses puck.
1:56 of 1st period - Shot by Zach Parise.
1:56 of 1st period - Deflect By Alexander Wennberg.
1:56 of 1st period - Shot Misses the Net.
1:58 of 1st period - Shot by Alexander Wennberg.
1:58 of 1st period - Stopped by Connor Hellebuyck without a rebound.
1:59 of 1st period - Brad Richardson wins face-off versus Casey Cizikas in Oilers zone.
2:11 of 1st period - Shot by Casey Cizikas.
2:11 of 1st period - Shot Misses the Net.
2:14 of 1st period - Devin Shore is hit by Esa Lindell and loses puck.
2:17 of 1st period - Shot by Keith Yandle.
2:17 of 1st period - Stopped by Antti Raanta with a rebound.
2:19 of 1st period - Shot by Keith Yandle.
2:19 of 1st period - Stopped by Antti Raanta with a rebound.
2:21 of 1st period - Shot by Casey Cizikas.
2:21 of 1st period - Shot Hit the Post.
2:23 of 1st period - Shot by Casey Cizikas.
2:23 of 1st period - Shot Misses the Net.
2:25 of 1st period - Shot by Casey Cizikas.
2:25 of 1st period - Shot Misses the Net.
2:27 of 1st period - Shot by Casey Cizikas.
2:27 of 1st period - Shot Misses the Net.
2:29 of 1st period - Shot by Robby Fabbri.
2:29 of 1st period - Goal by Robby Fabbri - Oilers : 2 - Predateurs : 0.
2:30 of 1st period - Alexander Wennberg wins face-off versus Christian Dvorak in neutral zone.
2:43 of 1st period - Shot by Christian Dvorak.
2:43 of 1st period - Shot Misses the Net.
2:45 of 1st period - Shot by Brian Dumoulin.
2:45 of 1st period - Stopped by Antti Raanta without a rebound.
2:46 of 1st period - Jamie Benn wins face-off versus John Tavares in Predateurs zone.
2:51 of 1st period - Kevin Hayes is hit by Filip Forsberg and loses puck.
3:36 of 1st period - Icing by Ryan Pulock.
3:37 of 1st period - Alexander Wennberg wins face-off versus John Tavares in Oilers zone.
3:37 of 1st period - Zach Parise is hit by Justin Faulk and loses puck.
4:05 of 1st period - Shot by Zach Parise.
4:05 of 1st period - Shot Blocked by Mark Giordano.
4:13 of 1st period - Alexander Wennberg is hit by Tomas Tatar.
4:54 of 1st period - Brian Dumoulin is hit by Sidney Crosby and loses puck.
5:06 of 1st period - Tyler Motte is hit by Brady Skjei and loses puck.
5:31 of 1st period - Shot by Christian Dvorak.
5:31 of 1st period - Shot Misses the Net.
5:47 of 1st period - Teuvo Teravainen is hit by Casey Cizikas and loses puck.
6:00 of 1st period - Devin Shore is hit by Josh Archibald.
6:07 of 1st period - Icing by Justin Faulk.
6:08 of 1st period - Casey Cizikas wins face-off versus Jamie Benn in Oilers zone.
6:15 of 1st period - Jamie Benn is hit by Devin Shore.
6:43 of 1st period - Logan Couture is hit by Jamie Benn and loses puck.
6:56 of 1st period - Shot by Logan Couture.
6:56 of 1st period - Stopped by Antti Raanta without a rebound.
6:57 of 1st period - Joe Pavelski wins face-off versus Brad Richardson in Predateurs zone.
7:02 of 1st period - Shot by Joe Pavelski.
7:02 of 1st period - Shot Misses the Net.
7:05 of 1st period - Icing by Brad Richardson.
7:06 of 1st period - Brad Richardson wins face-off versus Christian Dvorak in Predateurs zone.
7:29 of 1st period - Shot by Brad Richardson.
7:29 of 1st period - Shot Blocked by Mark Giordano.
7:31 of 1st period - Shot by Josh Archibald.
7:31 of 1st period - Shot Blocked by Mark Giordano.
7:33 of 1st period - Shot by Trevor Lewis.
7:33 of 1st period - Shot Hit the Post.
8:12 of 1st period - Shot by Alexander Wennberg.
8:12 of 1st period - Stopped by Connor Hellebuyck without a rebound.
8:13 of 1st period - Jamie Benn wins face-off versus John Tavares in Oilers zone.
8:13 of 1st period - Minor Penalty to Mike Reilly for Hooking.
8:14 of 1st period - Sidney Crosby wins face-off versus Logan Couture in Oilers zone.
8:17 of 1st period - Shot by Leon Draisaitl.
8:17 of 1st period - Stopped by Connor Hellebuyck without a rebound.
8:18 of 1st period - Jamie Benn wins face-off versus Logan Couture in Oilers zone.
8:29 of 1st period - Shot by Jamie Benn.
8:29 of 1st period - Stopped by Connor Hellebuyck without a rebound.
8:30 of 1st period - Casey Cizikas wins face-off versus Leon Draisaitl in Oilers zone.
8:30 of 1st period - Casey Cizikas is hit by Leon Draisaitl.
8:52 of 1st period - Shot by Sidney Crosby.
8:52 of 1st period - Stopped by Connor Hellebuyck without a rebound.
8:53 of 1st period - Jamie Benn wins face-off versus Casey Cizikas in Oilers zone.
9:02 of 1st period - Shot by Filip Forsberg.
9:02 of 1st period - Shot Misses the Net.
9:04 of 1st period - Shot by Brady Skjei.
9:04 of 1st period - Shot Blocked by Casey Cizikas.
9:16 of 1st period - Shot by Filip Forsberg.
9:16 of 1st period - Shot Misses the Net.
9:28 of 1st period - Shot by Esa Lindell.
9:28 of 1st period - Shot Misses the Net.
9:30 of 1st period - Shot by Esa Lindell.
9:30 of 1st period - Shot Misses the Net.
9:32 of 1st period - Shot by Brady Skjei.
9:32 of 1st period - Shot Blocked by Mark Giordano.
9:34 of 1st period - Shot by Jamie Benn.
9:34 of 1st period - Shot Misses the Net.
9:51 of 1st period - Icing by Sidney Crosby.
9:52 of 1st period - Sidney Crosby wins face-off versus Logan Couture in Predateurs zone.
10:20 of 1st period - Icing by Brian Dumoulin.
10:21 of 1st period - Alexander Wennberg wins face-off versus Joe Pavelski in Oilers zone.
10:40 of 1st period - Zach Parise is hit by Tomas Tatar and loses puck.
11:23 of 1st period - Shot by Filip Forsberg.
11:23 of 1st period - Shot Misses the Net.
11:29 of 1st period - Brady Skjei is hit by Joe Pavelski and loses puck.
11:43 of 1st period - Logan Couture is hit by Brady Skjei and loses puck.
12:03 of 1st period - Minor Penalty to Teuvo Teravainen for Hooking.
12:04 of 1st period - Trevor Lewis wins face-off versus John Tavares in Predateurs zone.
12:13 of 1st period - Keith Yandle is hit by Josh Archibald.
12:25 of 1st period - Shot by Logan Couture.
12:25 of 1st period - Shot Misses the Net.
14:18 of 1st period - Shot by Jordan Eberle.
14:18 of 1st period - Stopped by Antti Raanta without a rebound.
14:19 of 1st period - Casey Cizikas wins face-off versus Alexander Wennberg in Predateurs zone.
14:43 of 1st period - Shot by Zach Parise.
14:43 of 1st period - Shot Blocked by Devin Shore.
14:45 of 1st period - Shot by Alexander Wennberg.
14:45 of 1st period - Shot Hit the Post.
14:47 of 1st period - Shot by Brady Skjei.
14:47 of 1st period - Shot Blocked by Mike Reilly.
14:49 of 1st period - Shot by Esa Lindell.
14:49 of 1st period - Stopped by Connor Hellebuyck without a rebound.
14:50 of 1st period - Tyler Motte wins face-off versus Jamie Benn in Oilers zone.
14:54 of 1st period - Keith Yandle is hit by Stephen Johns and loses puck.
14:59 of 1st period - Shot by Christian Dvorak.
14:59 of 1st period - Shot Misses the Net.
15:58 of 1st period - Shot by Joe Pavelski.
15:58 of 1st period - Shot Misses the Net.
16:00 of 1st period - Shot by Ryan Pulock.
16:00 of 1st period - Shot Misses the Net.
16:02 of 1st period - Shot by Ryan Pulock.
16:02 of 1st period - Stopped by Antti Raanta with a rebound.
16:04 of 1st period - Shot by Ryan Pulock.
16:04 of 1st period - Stopped by Antti Raanta with a rebound.
16:14 of 1st period - Shot by Joe Pavelski.
16:14 of 1st period - Shot Misses the Net.
16:16 of 1st period - Shot by Ryan Pulock.
16:16 of 1st period - Shot Misses the Net.
16:18 of 1st period - Shot by Ryan Pulock.
16:18 of 1st period - Stopped by Antti Raanta with a rebound.
16:20 of 1st period - Shot by Alex Iafallo.
16:20 of 1st period - Stopped by Antti Raanta without a rebound.
16:21 of 1st period - John Tavares wins face-off versus Brad Richardson in Predateurs zone.
17:21 of 1st period - Shot by Stephen Johns.
17:21 of 1st period - Stopped by Connor Hellebuyck without a rebound.
17:22 of 1st period - Sidney Crosby wins face-off versus Joe Pavelski in Oilers zone.
18:37 of 1st period - Shot by Filip Forsberg.
18:37 of 1st period - Shot Blocked by Mark Giordano.
19:16 of 1st period - Mark Giordano is hit by Alexander Wennberg and loses puck.
19:23 of 1st period - Shot by Alexander Wennberg.
19:23 of 1st period - Deflect By Zach Parise.
19:23 of 1st period - Stopped by Connor Hellebuyck without a rebound.
19:24 of 1st period - Brad Richardson wins face-off versus John Tavares in Oilers zone.
19:31 of 1st period - Shot by Trevor Lewis.
19:31 of 1st period - Deflect By Brad Richardson.
19:31 of 1st period - Stopped by Connor Hellebuyck without a rebound.
19:32 of 1st period - John Tavares wins face-off versus Alexander Wennberg in Oilers zone.
19:37 of 1st period - Shot by Kevin Hayes.
19:37 of 1st period - Stopped by Antti Raanta without a rebound.
19:38 of 1st period - John Tavares wins face-off versus Sidney Crosby in Predateurs zone.
19:51 of 1st period - Shot by Leon Draisaitl.
19:51 of 1st period - Deflect By Sidney Crosby.
19:51 of 1st period - Shot Blocked by Ryan Pulock.
19:53 of 1st period - Shot by Sidney Crosby.
19:53 of 1st period - Shot Misses the Net.
19:55 of 1st period - Shot by Brady Skjei.
19:55 of 1st period - Shot Blocked by Kevin Hayes.
Goals for this period are 2 for Oilers vs 0 for Predateurs.
Shots for this period are 12 for Oilers vs 9 for Predateurs.

2nd period


0:01 of 2nd period - Sidney Crosby wins face-off versus John Tavares in neutral zone.
0:01 of 2nd period - Leon Draisaitl is hit by Kevin Hayes and loses puck.
0:06 of 2nd period - Ryan Pulock is hit by Leon Draisaitl and loses puck.
0:14 of 2nd period - Leon Draisaitl is hit by Ryan Pulock and loses puck.
0:33 of 2nd period - Shot by Logan Couture.
0:33 of 2nd period - Shot Blocked by Brady Skjei.
1:18 of 2nd period - Shot by Ross Colton.
1:18 of 2nd period - Stopped by Connor Hellebuyck without a rebound.
1:19 of 2nd period - Jamie Benn wins face-off versus Christian Dvorak in Oilers zone.
1:39 of 2nd period - Christian Dvorak is hit by Mike Green and loses puck.
1:54 of 2nd period - Shot by Christian Dvorak.
1:54 of 2nd period - Stopped by Antti Raanta without a rebound.
1:55 of 2nd period - Joe Pavelski wins face-off versus Sidney Crosby in Predateurs zone.
1:57 of 2nd period - Tomas Tatar is hit by Brady Skjei.
2:11 of 2nd period - Shot by Tomas Tatar.
2:11 of 2nd period - Shot Blocked by Esa Lindell.
3:06 of 2nd period - Shot by Ross Colton.
3:06 of 2nd period - Shot Misses the Net.
3:08 of 2nd period - Shot by Justin Schultz.
3:08 of 2nd period - Goal by Justin Schultz - Oilers : 2 - Predateurs : 1.
3:09 of 2nd period - Jamie Benn wins face-off versus Christian Dvorak in neutral zone.
3:09 of 2nd period - Filip Forsberg is hit by Tyler Motte and loses puck.
3:27 of 2nd period - Shot by Christian Dvorak.
3:27 of 2nd period - Shot Misses the Net.
4:16 of 2nd period - Zach Parise is hit by Justin Faulk and loses puck.
4:30 of 2nd period - Alexander Wennberg is hit by Justin Faulk and loses puck.
4:38 of 2nd period - Alexander Wennberg is hit by Justin Faulk and loses puck.
5:22 of 2nd period - Off-side.
5:23 of 2nd period - Sidney Crosby wins face-off versus Casey Cizikas in neutral zone.
5:40 of 2nd period - Shot by Leon Draisaitl.
5:40 of 2nd period - Shot Misses the Net.
5:42 of 2nd period - Shot by Stephen Johns.
5:42 of 2nd period - Shot Blocked by Casey Cizikas.
5:46 of 2nd period - Shot by Leon Draisaitl.
5:46 of 2nd period - Deflect By Sidney Crosby.
5:46 of 2nd period - Stopped by Connor Hellebuyck without a rebound.
5:47 of 2nd period - Christian Dvorak wins face-off versus Jamie Benn in Oilers zone.
5:47 of 2nd period - Mark Giordano is hit by Jamie Benn and loses puck.
6:14 of 2nd period - Shot by Christian Dvorak.
6:14 of 2nd period - Shot Blocked by Nathan Beaulieu.
6:16 of 2nd period - Shot by Tyler Motte.
6:16 of 2nd period - Stopped by Antti Raanta without a rebound.
6:17 of 2nd period - Sidney Crosby wins face-off versus Joe Pavelski in Predateurs zone.
6:54 of 2nd period - Icing by Tomas Tatar.
6:55 of 2nd period - Joe Pavelski wins face-off versus Alexander Wennberg in Oilers zone.
6:57 of 2nd period - Icing by Justin Faulk.
6:58 of 2nd period - Joe Pavelski wins face-off versus Alexander Wennberg in Oilers zone.
7:47 of 2nd period - Shot by Logan Couture.
7:47 of 2nd period - Goal by Logan Couture - Oilers : 3 - Predateurs : 1.
7:48 of 2nd period - Jamie Benn wins face-off versus Christian Dvorak in neutral zone.
8:04 of 2nd period - Jamie Benn is hit by Tyler Motte and loses puck.
8:22 of 2nd period - Shot by Denis Gurianov.
8:22 of 2nd period - Stopped by Connor Hellebuyck without a rebound.
8:23 of 2nd period - John Tavares wins face-off versus Brad Richardson in Oilers zone.
9:21 of 2nd period - Leon Draisaitl is hit by Mark Giordano and loses puck.
9:30 of 2nd period - Shot by Sidney Crosby.
9:30 of 2nd period - Shot Misses the Net.
9:45 of 2nd period - Icing by Logan Couture.
9:46 of 2nd period - Filip Forsberg wins face-off versus John Tavares in Oilers zone.
10:25 of 2nd period - Jamie Benn is hit by Justin Faulk and loses puck.
10:59 of 2nd period - Alexander Wennberg is hit by Tomas Tatar.
11:47 of 2nd period - Shot by Leon Draisaitl.
11:47 of 2nd period - Stopped by Connor Hellebuyck without a rebound.
11:48 of 2nd period - Christian Dvorak wins face-off versus Brad Richardson in Oilers zone.
11:55 of 2nd period - Shot by Jordan Eberle.
11:55 of 2nd period - Shot Misses the Net.
12:00 of 2nd period - Tyler Motte is hit by Nathan Beaulieu and loses puck.
12:07 of 2nd period - Shot by Christian Dvorak.
12:07 of 2nd period - Stopped by Antti Raanta without a rebound.
12:08 of 2nd period - Sidney Crosby wins face-off versus Christian Dvorak in Predateurs zone.
12:15 of 2nd period - Sidney Crosby is hit by Tyler Motte and loses puck.
12:39 of 2nd period - Shot by Jordan Eberle.
12:39 of 2nd period - Stopped by Antti Raanta without a rebound.
12:40 of 2nd period - Joe Pavelski wins face-off versus Jamie Benn in Predateurs zone.
12:50 of 2nd period - Icing by Justin Schultz.
12:51 of 2nd period - John Tavares wins face-off versus Jamie Benn in Predateurs zone.
12:54 of 2nd period - Shot by Kevin Hayes.
12:54 of 2nd period - Shot Blocked by Justin Schultz.
12:56 of 2nd period - Shot by Kevin Hayes.
12:56 of 2nd period - Stopped by Antti Raanta without a rebound.
12:57 of 2nd period - Sidney Crosby wins face-off versus John Tavares in Predateurs zone.
13:10 of 2nd period - Shot by Justin Faulk.
13:10 of 2nd period - Shot Misses the Net.
13:12 of 2nd period - Shot by Ryan Pulock.
13:12 of 2nd period - Stopped by Antti Raanta without a rebound.
13:13 of 2nd period - Joe Pavelski wins face-off versus Jamie Benn in Predateurs zone.
13:44 of 2nd period - Shot by Denis Gurianov.
13:44 of 2nd period - Shot Misses the Net.
13:46 of 2nd period - Shot by Nathan Beaulieu.
13:46 of 2nd period - Shot Misses the Net.
13:54 of 2nd period - Shot by Jamie Benn.
13:54 of 2nd period - Stopped by Connor Hellebuyck without a rebound.
13:55 of 2nd period - John Tavares wins face-off versus Sidney Crosby in Oilers zone.
14:00 of 2nd period - Brady Skjei is hit by Kevin Hayes and loses puck.
14:11 of 2nd period - Shot by Ryan Pulock.
14:11 of 2nd period - Shot Misses the Net.
14:33 of 2nd period - Shot by Brady Skjei.
14:33 of 2nd period - Shot Blocked by Justin Faulk.
14:46 of 2nd period - Icing by Ryan Pulock.
14:47 of 2nd period - Alexander Wennberg wins face-off versus John Tavares in Oilers zone.
14:56 of 2nd period - Justin Schultz is hit by Kevin Hayes and loses puck.
15:11 of 2nd period - Shot by Alexander Wennberg.
15:11 of 2nd period - Goal by Alexander Wennberg - Oilers : 3 - Predateurs : 2.
15:12 of 2nd period - Brad Richardson wins face-off versus Christian Dvorak in neutral zone.
15:22 of 2nd period - Icing by Christian Dvorak.
15:23 of 2nd period - Christian Dvorak wins face-off versus Jamie Benn in Oilers zone.
15:25 of 2nd period - Icing by Mark Giordano.
15:26 of 2nd period - Jamie Benn wins face-off versus Christian Dvorak in Oilers zone.
15:37 of 2nd period - Tyler Motte is hit by Jamie Benn and loses puck.
16:03 of 2nd period - Icing by Tyler Motte.
16:04 of 2nd period - Christian Dvorak wins face-off versus Brad Richardson in Oilers zone.
16:04 of 2nd period - Christian Dvorak is hit by Josh Archibald.
16:38 of 2nd period - Shot by Justin Schultz.
16:38 of 2nd period - Shot Misses the Net.
16:40 of 2nd period - Shot by Brad Richardson.
16:40 of 2nd period - Shot Misses the Net.
17:16 of 2nd period - Shot by Leon Draisaitl.
17:16 of 2nd period - Shot Misses the Net.
17:38 of 2nd period - Shot by Leon Draisaitl.
17:38 of 2nd period - Stopped by Connor Hellebuyck without a rebound.
17:39 of 2nd period - John Tavares wins face-off versus Alexander Wennberg in Oilers zone.
17:52 of 2nd period - Shot by Kevin Hayes.
17:52 of 2nd period - Shot Misses the Net.
18:14 of 2nd period - Shot by Logan Couture.
18:14 of 2nd period - Shot Misses the Net.
18:57 of 2nd period - Shot by Alex Iafallo.
18:57 of 2nd period - Shot Misses the Net.
18:59 of 2nd period - Shot by Alex Iafallo.
18:59 of 2nd period - Stopped by Antti Raanta with a rebound.
19:11 of 2nd period - Shot by Alex Iafallo.
19:11 of 2nd period - Shot Blocked by Nathan Beaulieu.
19:13 of 2nd period - Shot by Alex Iafallo.
19:13 of 2nd period - Shot Misses the Net.
19:17 of 2nd period - Shot by Alex Iafallo.
19:17 of 2nd period - Shot Misses the Net.
19:46 of 2nd period - Shot by Casey Cizikas.
19:46 of 2nd period - Shot Blocked by Denis Gurianov.
19:48 of 2nd period - Shot by Devin Shore.
19:48 of 2nd period - Stopped by Antti Raanta without a rebound.
19:49 of 2nd period - Christian Dvorak wins face-off versus Sidney Crosby in Predateurs zone.
Goals for this period are 1 for Oilers vs 2 for Predateurs.
Shots for this period are 9 for Oilers vs 8 for Predateurs.

3rd period


0:01 of 3rd period - Sidney Crosby wins face-off versus Joe Pavelski in neutral zone.
0:03 of 3rd period - Off-side.
0:04 of 3rd period - Sidney Crosby wins face-off versus Joe Pavelski in neutral zone.
0:06 of 3rd period - Off-side.
0:07 of 3rd period - Alexander Wennberg wins face-off versus Joe Pavelski in neutral zone.
0:26 of 3rd period - Alexander Wennberg is hit by Justin Faulk and loses puck.
0:30 of 3rd period - Icing by Alexander Wennberg.
0:31 of 3rd period - John Tavares wins face-off versus Alexander Wennberg in Predateurs zone.
0:54 of 3rd period - Icing by Brady Skjei.
0:55 of 3rd period - Casey Cizikas wins face-off versus Ross Colton in Predateurs zone.
1:39 of 3rd period - Shot by Teuvo Teravainen.
1:39 of 3rd period - Shot Misses the Net.
1:47 of 3rd period - Mike Green is hit by Casey Cizikas and loses puck.
3:06 of 3rd period - Shot by Joe Pavelski.
3:06 of 3rd period - Shot Misses the Net.
3:08 of 3rd period - Shot by Joe Pavelski.
3:08 of 3rd period - Shot Blocked by Esa Lindell.
3:25 of 3rd period - Off-side.
3:26 of 3rd period - John Tavares wins face-off versus Leon Draisaitl in neutral zone.
3:38 of 3rd period - Icing by John Tavares.
3:39 of 3rd period - Alexander Wennberg wins face-off versus Kevin Hayes in Oilers zone.
3:48 of 3rd period - Icing by Nathan Beaulieu.
3:49 of 3rd period - Christian Dvorak wins face-off versus Ross Colton in Predateurs zone.
4:00 of 3rd period - Shot by Zach Parise.
4:00 of 3rd period - Stopped by Connor Hellebuyck without a rebound.
4:01 of 3rd period - John Tavares wins face-off versus Sidney Crosby in Oilers zone.
4:11 of 3rd period - Brady Skjei is hit by Logan Couture and loses puck.
4:46 of 3rd period - Off-side.
4:47 of 3rd period - Joe Pavelski wins face-off versus Jamie Benn in neutral zone.
5:19 of 3rd period - Shot by Filip Forsberg.
5:19 of 3rd period - Shot Misses the Net.
5:30 of 3rd period - Joe Pavelski is hit by Mike Green.
5:58 of 3rd period - Shot by Christian Dvorak.
5:58 of 3rd period - Stopped by Antti Raanta without a rebound.
5:59 of 3rd period - John Tavares wins face-off versus Sidney Crosby in Predateurs zone.
6:10 of 3rd period - Shot by Leon Draisaitl.
6:10 of 3rd period - Stopped by Connor Hellebuyck without a rebound.
6:11 of 3rd period - Brad Richardson wins face-off versus Tyler Motte in Oilers zone.
6:37 of 3rd period - Off-side.
6:38 of 3rd period - John Tavares wins face-off versus Sidney Crosby in neutral zone.
6:49 of 3rd period - Mark Giordano is hit by Leon Draisaitl and loses puck.
7:10 of 3rd period - Shot by John Tavares.
7:10 of 3rd period - Stopped by Antti Raanta without a rebound.
7:11 of 3rd period - Jamie Benn wins face-off versus Alex Iafallo in Predateurs zone.
7:28 of 3rd period - Shot by Alex Iafallo.
7:28 of 3rd period - Stopped by Antti Raanta without a rebound.
7:29 of 3rd period - Alexander Wennberg wins face-off versus Christian Dvorak in Predateurs zone.
8:00 of 3rd period - Shot by Tyler Motte.
8:00 of 3rd period - Stopped by Antti Raanta with a rebound.
8:08 of 3rd period - Shot by Christian Dvorak.
8:08 of 3rd period - Stopped by Antti Raanta without a rebound.
8:09 of 3rd period - Tomas Tatar wins face-off versus Jamie Benn in Predateurs zone.
8:11 of 3rd period - Joe Pavelski is hit by Esa Lindell and loses puck.
8:30 of 3rd period - Shot by Filip Forsberg.
8:30 of 3rd period - Deflect By Denis Gurianov.
8:30 of 3rd period - Stopped by Connor Hellebuyck without a rebound.
8:31 of 3rd period - John Tavares wins face-off versus Sidney Crosby in Oilers zone.
8:31 of 3rd period - John Tavares is hit by Sidney Crosby.
8:54 of 3rd period - Kevin Hayes is hit by Stephen Johns and loses puck.
9:13 of 3rd period - Shot by Logan Couture.
9:13 of 3rd period - Deflect By John Tavares.
9:13 of 3rd period - Shot Misses the Net.
9:40 of 3rd period - Shot by Joe Pavelski.
9:40 of 3rd period - Stopped by Antti Raanta without a rebound.
9:41 of 3rd period - Casey Cizikas wins face-off versus Brad Richardson in Predateurs zone.
11:27 of 3rd period - Icing by Filip Forsberg.
11:28 of 3rd period - John Tavares wins face-off versus Jamie Benn in Predateurs zone.
11:37 of 3rd period - Nathan Beaulieu is hit by Logan Couture.
11:53 of 3rd period - Shot by Denis Gurianov.
11:53 of 3rd period - Shot Misses the Net.
12:47 of 3rd period - Shot by Alexander Wennberg.
12:47 of 3rd period - Stopped by Connor Hellebuyck with a rebound.
12:58 of 3rd period - Shot by Tyler Motte.
12:58 of 3rd period - Stopped by Antti Raanta with a rebound.
13:00 of 3rd period - Shot by Tyler Motte.
13:00 of 3rd period - Deflect By Christian Dvorak.
13:00 of 3rd period - Shot Blocked by Alexander Wennberg.
13:08 of 3rd period - Shot by Tyler Motte.
13:08 of 3rd period - Stopped by Antti Raanta without a rebound.
13:09 of 3rd period - Sidney Crosby wins face-off versus Joe Pavelski in Predateurs zone.
13:09 of 3rd period - Sidney Crosby is hit by Tomas Tatar.
13:14 of 3rd period - Sidney Crosby is hit by Justin Faulk and loses puck.
13:23 of 3rd period - Shot by Sidney Crosby.
13:23 of 3rd period - Stopped by Connor Hellebuyck with a rebound.
14:02 of 3rd period - Teuvo Teravainen is hit by Brian Dumoulin.
14:27 of 3rd period - Shot by Robby Fabbri.
14:27 of 3rd period - Stopped by Antti Raanta without a rebound.
14:28 of 3rd period - Brad Richardson wins face-off versus John Tavares in Predateurs zone.
14:52 of 3rd period - Shot by Stephen Johns.
14:52 of 3rd period - Shot Misses the Net.
15:06 of 3rd period - Shot by Josh Archibald.
15:06 of 3rd period - Stopped by Connor Hellebuyck without a rebound.
15:07 of 3rd period - Filip Forsberg wins face-off versus Jordan Eberle in Oilers zone.
15:23 of 3rd period - Off-side.
15:24 of 3rd period - Alexander Wennberg wins face-off versus Tomas Tatar in neutral zone.
15:46 of 3rd period - Shot by Joe Pavelski.
15:46 of 3rd period - Goal by Joe Pavelski - Oilers : 4 - Predateurs : 2.
15:47 of 3rd period - Jamie Benn wins face-off versus Christian Dvorak in neutral zone.
15:58 of 3rd period - Shot by Denis Gurianov.
15:58 of 3rd period - Stopped by Connor Hellebuyck without a rebound.
15:59 of 3rd period - John Tavares wins face-off versus Teuvo Teravainen in Oilers zone.
16:14 of 3rd period - Shot by Leon Draisaitl.
16:14 of 3rd period - Shot Misses the Net.
16:16 of 3rd period - Shot by Mike Green.
16:16 of 3rd period - Shot Blocked by Ryan Pulock.
16:34 of 3rd period - Shot by Leon Draisaitl.
16:34 of 3rd period - Stopped by Connor Hellebuyck without a rebound.
16:35 of 3rd period - Alexander Wennberg wins face-off versus Christian Dvorak in Oilers zone.
16:37 of 3rd period - Minor Penalty to Ross Colton for Holding.
16:38 of 3rd period - Joe Pavelski wins face-off versus Jamie Benn in Predateurs zone.
17:07 of 3rd period - Shot by Keith Yandle.
17:07 of 3rd period - Shot Misses the Net.
17:13 of 3rd period - Shot by Alex Iafallo.
17:13 of 3rd period - Shot Blocked by Brady Skjei.
17:15 of 3rd period - Shot by Alex Iafallo.
17:15 of 3rd period - Stopped by Antti Raanta without a rebound.
17:16 of 3rd period - John Tavares wins face-off versus Trevor Lewis in Predateurs zone.
19:16 of 3rd period - Minor Penalty to Brady Skjei for Holding.
19:17 of 3rd period - Jamie Benn wins face-off versus John Tavares in Predateurs zone.
19:32 of 3rd period - Shot by Logan Couture.
19:32 of 3rd period - Deflect By John Tavares.
19:32 of 3rd period - Shot Misses the Net.
19:42 of 3rd period - Shot by Logan Couture.
19:42 of 3rd period - Stopped by Antti Raanta without a rebound.
19:43 of 3rd period - Trevor Lewis wins face-off versus Alex Iafallo in Predateurs zone.
Goals for this period are 1 for Oilers vs 0 for Predateurs.
Shots for this period are 12 for Oilers vs 8 for Predateurs.